 Dungeon Crawl Stone Soup version 0.31.0-1-g2c135a0 (webtiles) character file.

Game seed: 10291931368018460150

287935 jagoly the Severer (level 19, -23/112 HPs)
             Began as a Gargoyle Monk on Jan 26, 2024.
             Was a High Priest of the Shining One.
             Annihilated by an azure jelly (37 damage)
             ... on level 5 of the Pits of Slime.
             The game lasted 05:48:21 (16179 turns).

jagoly the Severer (Gargoyle Monk)                 Turns: 16179, Time: 05:48:21

Health: -23/112    AC: 36    Str: 20    XL:     19   Next: 55%
Magic:  5/25       EV: 12    Int: 17    God:    the Shining One [*****.]
Gold:   654        SH: 24    Dex: 11    Spells: 18/18 levels left

rFire   + . .        a - +5 broad axe (elec)
rCold   . . .        f - +2 kite shield {rPois}
rNeg    + + +        T - +0 acid dragon scales
rPois   ∞            G - +1 helmet {SInv}
rElec   +            I - +1 cloak
rCorr   +            X - +0 pair of gloves
SInv    +            H - +3 pair of seven-league boots {Rampage+∞}
Will    +....        W - amulet of regeneration
Stlth   +            Z - ring of protection from cold
HPRegen 1.18/turn    m - +4 ring of protection
MPRegen 0.19/turn

%: rampage+∞
@: divinely shielded, resistant, flying, glowing
A: sickness immunity, AC +14, big wings, negative energy resistance 1,
electricity resistance, torment resistance 1, petrification resistance, clever
1, deformed body, frail 1, low MP 1, screaming 1, cold vulnerability 2, subdued
magic 1
}: 2/15 runes: serpentine, barnacled
a: Renounce Religion, Divine Shield, Cleansing Flame, Summon Divine Warrior


You were on level 5 of the Pits of Slime.
You worshipped the Shining One.
The Shining One was extremely pleased with you.
You visited 8 branches of the dungeon, and saw 36 of its levels.
You also visited: Ice Cave.

You collected 3657 gold pieces.
You spent 3003 gold pieces at shops.

Inventory:

Hand Weapons
 a - a +5 broad axe of electrocution (weapon)
 b - a +1 eveningstar of freezing
Missiles
 e - 3 throwing nets
 o - 65 poisoned darts
 y - 4 javelins
 N - 4 silver javelins
 O - 12 boomerangs (quivered)
 S - 18 curare-tipped darts
Armour
 f - a +2 kite shield of poison resistance (worn)
 G - a +1 helmet of see invisible (worn)
 H - the +3 pair of seven-league boots (worn) {Rampage+∞}
   (You found it on level 4 of the Lair of Beasts)

   Rampage+∞: When moving toward enemies, its wearer moves as far as possible,
   alerting their target en route.
 I - a +1 cloak (worn)
 T - +0 acid dragon scales (worn)
 X - a +0 pair of gloves (worn)
Jewellery
 m - a +4 ring of protection (right hand)
 K - a ring of protection from fire
 W - an amulet of regeneration (around neck)
 Z - a ring of protection from cold (left hand)
Wands
 q - a wand of paralysis (18)
 u - a wand of iceblast (21)
 x - a wand of light (2)
 A - a wand of digging (7)
 E - a wand of mindburst (23)
Scrolls
 g - a scroll of silence
 h - 2 scrolls of immolation
 i - 2 scrolls of fear
 j - a scroll of amnesia {unknown}
 k - 4 scrolls of revelation
 p - a scroll of vulnerability {unknown}
 s - 8 scrolls of teleportation
 t - 2 scrolls of fog
 z - a scroll of acquirement {unknown}
 F - a scroll of blinking
 L - a scroll of summoning
 Y - a scroll of torment {unknown}
Potions
 c - 3 potions of ambrosia
 l - 3 potions of might
 n - 4 potions of mutation
 w - a potion of magic {unknown}
 C - 2 potions of enlightenment
 D - a potion of resistance
 M - 3 potions of heal wounds
 P - a potion of berserk rage
 R - 5 potions of curing
 U - a potion of brilliance {unknown}
Miscellaneous
 B - a phial of floods


   Skills:
 - Level 16.2 Fighting
 - Level 18.0 Axes
 + Level 15.8 Throwing
 - Level 12.3 Armour
 - Level 6.4 Dodging
 - Level 4.0 Stealth
 - Level 12.3 Shields
 - Level 12.0 Invocations
 - Level 5.4 Evocations


You had 18 spell levels left.
You didn't know any spells.
Your spell library contained the following spells:

 Spells                   Type           Power      Damage    Failure   Level
 Apportation              Tloc           0%         N/A       41%         1
 Freeze                   Ice            0%         1d3       41%         1
 Kiss of Death            Conj/Necr      0%         2d5       41%         1
 Necrotise                Necr           0%         1d4       41%         1
 Shock                    Conj/Air       0%         1d3       41%         1
 Sting                    Conj/Alch      0%         1d3       41%         1
 Summon Small Mammal      Summ           0%         N/A       41%         1
 Ensorcelled Hibernation  Hex/Ice        0%         N/A       54%         2
 Mercury Vapours          Alch/Air       0%         N/A       54%         2
 Call Canine Familiar     Summ           0%         N/A       80%         3
 Confusing Touch          Hex            0%         N/A       80%         3
 Dazzling Flash           Conj/Hex       0%         N/A       80%         3
 Fugue of the Fallen      Necr           0%         N/A       80%         3
 Hailstorm                Conj/Ice       0%         3d5       80%         3
 Summon Ice Beast         Ice/Summ       0%         N/A       80%         3
 Swiftness                Air            0%         N/A       80%         3
 Tukima's Dance           Hex            0%         N/A       80%         3
 Vampiric Draining        Necr           0%         2d6       80%         3
 Volatile Blastmotes      Fire/Tloc      0%         2d10      80%         3
 Airstrike                Air            0%         2d(0-16)  99%         4
 Anguish                  Hex/Necr       0%         N/A       99%         4
 Animate Armour           Summ/Erth      0%         N/A       99%         4
 Cause Fear               Hex            0%         N/A       99%         4
 Dimensional Bullseye     Hex/Tloc       0%         N/A       99%         4
 Dispel Undead            Necr           0%         3d6       99%         4
 Fulminant Prism          Conj/Alch      0%         3d5       99%         4
 Iskenderun's Mystic Bla  Conj/Tloc      0%         2d3       99%         4
 Passage of Golubria      Tloc           0%         N/A       99%         4
 Summon Blazeheart Golem  Fire/Summ      0%         N/A       99%         4
 Summon Lightning Spire   Summ/Air       0%         N/A       99%         4
 Vhi's Electric Charge    Tloc/Air       0%         N/A       99%         4
 Arcjolt                  Conj/Air       0%         1d10      100%        5
 Lee's Rapid Deconstruct  Erth           0%         3d4*      100%        5
 Summon Mana Viper        Hex/Summ       0%         N/A       100%        5
 Yara's Violent Unravell  Hex/Alch       0%         3d3       100%        5
 Plasma Beam              Fire/Air       0%         2x1d10    100%        6
 Sculpt Simulacrum        Ice/Alch       0%         N/A       100%        6
 Starburst                Conj/Fire      0%         6d3       100%        6
 Ozocubu's Refrigeration  Ice            0%         4d7       100%        7
 Discord                  Hex            0%         N/A       100%        8
 Maxwell's Capacitive Co  Air            0%         ∞         100%        8
 Chain Lightning          Conj/Air       0%         N/A       100%        9
 Death's Door             Necr           0%         N/A       100%        9
 Cigotuvi's Dreadful Rot  Necr/Alch/Air  Unusable   N/A       N/A         2

Dungeon Overview and Level Annotations

Branches:
Dungeon (12/15) Zot: 26628  Temple (1/1) D:6 Zot: 5985    Lair (5/5) D:9 Zot: 25419
 Shoals (4/4) Lair:3 Zot: 23153   Snake (4/4) Lair:3 Zot: 21676   Slime (5/5) Lair:5 Zot: 26909
    Orc (2/2) D:12 Zot: 10713     Elf (3/3) Orc:2 Zot: 16457   IceCv (visited)

Altars:
Ashenzari
Cheibriados
Dithmenos
Elyvilon
Fedhas
Gozag
Hepliaklqana
Kikubaaqudgha
Makhleb
Nemelex Xobeh
Okawaru
Qazlal
Ru
Sif Muna
Trog
Uskayaw
Vehumet
Wu Jian
Xom
Yredelemnul
Zin
The Shining One
Jiyva

Shops:
D:2 (   D:6 (   D:8 [(==   Orc:1 ?   Orc:2 *:?[   Shoals:1 (*   Shoals:2 *
Snake:1 =!*=

Portals:
Pandemonium: Orc:2

Annotations:
D:5 3 runed translucent doors, Zagger's ghost, novice DsFE
D:7 exclusion: sleepcap
Shoals:1 1 exclusion
Snake:1 Frances
Snake:2 Nikola


Innate Abilities, Weirdness & Mutations

You are immune to sickness and miasma.
Your stone body is resilient. (AC +14)
You are immune to poison.
Your large and strong wings let you fly.
You resist negative energy. (rN+)
You are resistant to electric shocks. (rElec)
You are resistant to unholy torment.
You are immune to petrification.
Your mind is acute. (Int +4, Str/Dex -1)
Armour fits poorly on your strangely shaped body.
You are frail. (-10% HP)
Your magical capacity is low. (-10% MP)
You occasionally shout uncontrollably at your foes.
You are very vulnerable to cold. (rC--)
Your spells are a little easier to cast, but a little less powerful.


Message History

The boomerang hits the enormous slime creature!
The enormous slime creature is almost dead.
Throw: 12 boomerangs
Press: ? - help, Q - select action, (/) - cycle Shift-Dir - straight line, f/p - enormous slime creature
Aim: an enormous slime creature (almost dead, haloed, 97% to hit)
You throw a boomerang.
The boomerang hits the enormous slime creature.
You kill the enormous slime creature!
A quicksilver ooze comes into view.
Throw: 12 boomerangs
Press: ? - help, Q - select action, (/) - cycle Shift-Dir - straight line, f - quicksilver ooze
Aim: a quicksilver ooze (wandering, hasn't noticed you, haloed, 70% to hit)
You throw a boomerang. The quicksilver ooze quivers.
The boomerang hits the quicksilver ooze.
The quicksilver ooze is lightly wounded.
A slime creature comes into view.
Throw: 12 boomerangs
Press: ? - help, Q - select action, (/) - cycle Shift-Dir - straight line, f/p - quicksilver ooze
Aim: a quicksilver ooze (haloed, 70% to hit)
You throw a boomerang.
The boomerang hits the quicksilver ooze!!
The quicksilver ooze is severely wounded.
Throw: 12 boomerangs
Press: ? - help, Q - select action, (/) - cycle Shift-Dir - straight line, f/p - quicksilver ooze
Aim: a quicksilver ooze (heavily wounded, haloed, 70% to hit)
You throw a boomerang.
The boomerang barely misses the quicksilver ooze.
Throw: 12 boomerangs
Press: ? - help, Q - select action, (/) - cycle Shift-Dir - straight line, f/p - quicksilver ooze
Aim: a quicksilver ooze (heavily wounded, haloed, 70% to hit)
You throw a boomerang.
The boomerang hits the quicksilver ooze!!
You kill the quicksilver ooze!
Throw: 12 boomerangs
Press: ? - help, Q - select action, (/) - cycle Shift-Dir - straight line, f - slime creature
Aim: a slime creature (haloed, 97% to hit)
You throw a boomerang. The boomerang hits the slime creature!!
The slime creature is moderately wounded.
Throw: 12 boomerangs
Press: ? - help, Q - select action, (/) - cycle Shift-Dir - straight line, f/p - slime creature
Aim: a slime creature (moderately wounded, haloed, 97% to hit)
You throw a boomerang. The boomerang hits the slime creature!
The slime creature is heavily wounded.
An acid blob comes into view.
Throw: 12 boomerangs
Press: ? - help, Q - select action, (/) - cycle Shift-Dir - straight line, f - acid blob, p - slime creature
Aim: an acid blob (89% to hit)
You throw a boomerang. The boomerang hits the slime creature.
The slime creature is heavily wounded.
An acid blob comes into view.
The Royal Jelly comes into view.
Okay, then.
Okay, then.
Okay, then.
You feel protected.
The Royal Jelly quivers.
Throw: 10 javelins (silver)
Press: ? - help, Shift-Dir - straight line, p - acid blob You throw a silver javelin.
The silver javelin pierces through the slime creature!!
You kill the slime creature!
The silver javelin pierces through the Royal Jelly!!
The silver sears the Royal Jelly!
The Royal Jelly is lightly wounded.
The Royal Jelly shudders violently.
The Royal Jelly spits out three more jellies.
Throw: 9 javelins (silver)
Press: ? - help, Shift-Dir - straight line, f - Royal Jelly
Aim: the Royal Jelly (lightly wounded, haloed, 97% to hit, chaotic)
You throw a silver javelin.
The silver javelin pierces through the acid blob!
The acid blob is lightly wounded.
The silver javelin pierces through the Royal Jelly.
The silver sears the Royal Jelly!
The Royal Jelly is lightly wounded.
As you read the scroll of immolation, it crumbles to dust.
The creatures around you are filled with an inner flame!
The acid blob jiggles.
Throw: 8 javelins (silver)
Press: ? - help, Shift-Dir - straight line, p - Royal Jelly You throw a silver javelin.
The silver javelin pierces through the acid blob but does no damage.
Flame seeps out of the acid blob.
The acid blob is lightly wounded.
The silver javelin pierces through the acid blob but does no damage.
Flame seeps out of the acid blob.
The acid blob is lightly wounded.
The silver javelin pierces through the Royal Jelly!!
Flame seeps out of the Royal Jelly.
The silver sears the Royal Jelly!
Flame seeps out of the Royal Jelly.
The Royal Jelly is heavily wounded.
The Royal Jelly shudders alarmingly.
The Royal Jelly spits out five more jellies.
The Royal Jelly is engulfed in blazing flames.
Flame seeps out of the Royal Jelly.
The Royal Jelly shudders.
The Royal Jelly spits out another jelly.
The acid blob is engulfed in blazing flames.
Flame seeps out of the acid blob.
You block the acid blob's attack.
Throw: 7 javelins (silver)
Press: ? - help, Shift-Dir - straight line, f - azure jelly
Aim: an azure jelly (haloed, 83% to hit, chaotic)
You throw a silver javelin.
The silver javelin pierces through the acid blob!
Flame seeps out of the acid blob. x2
The acid blob is moderately wounded.
The silver javelin pierces through the acid blob!!
Flame seeps out of the acid blob.
Flame seeps out of the acid blob.
The acid blob is moderately wounded.
The silver javelin completely misses the Royal Jelly.
The silver javelin barely misses the azure jelly.
The acid blob is engulfed in blazing flames.
Flame seeps out of the acid blob.
The acid blob jiggles.
The Royal Jelly is engulfed in blazing flames.
Flame seeps out of the Royal Jelly.
The acid blob is engulfed in blazing flames.
Flame seeps out of the acid blob.
The acid blob closely misses you.
Throw: 6 javelins (silver)
Press: ? - help, Shift-Dir - straight line, f/p - azure jelly
Aim: an azure jelly (flame, haloed, 83% to hit, chaotic)
You throw a silver javelin.
The silver javelin pierces through the acid blob!
Flame seeps out of the acid blob. x2
The acid blob is severely wounded.
The silver javelin pierces through the acid blob!!
Flame seeps out of the acid blob.
Flame seeps out of the acid blob.
The acid blob is almost dead.
The silver javelin pierces through the Royal Jelly!!
Flame seeps out of the Royal Jelly.
The silver sears the Royal Jelly!
Flame seeps out of the Royal Jelly.
The Royal Jelly is severely wounded.
The silver javelin barely misses the azure jelly.
The Royal Jelly shudders violently.
The Royal Jelly spits out four more jellies.
You block the quicksilver ooze's attack. x2
The acid blob is engulfed in blazing flames.
Flame seeps out of the acid blob.
The acid blob spits acid at you.
The splash of acid hits you but does no damage.
Throw: 5 javelins (silver)
Press: ? - help, Shift-Dir - straight line, f - Royal Jelly, p - azure jelly
Aim: the Royal Jelly (severely wounded, inner flame, haloed, 97% to hit, chaotic)
You throw a silver javelin.
The silver javelin pierces through the acid blob!!
Flame seeps out of the acid blob. x2
The acid blob is almost dead.
The silver javelin pierces through the acid blob!!
Flame seeps out of the acid blob.
The silver sears the acid blob!
Flame seeps out of the acid blob.
The acid blob is moderately wounded.
The silver javelin barely misses the azure jelly.
The silver javelin pierces through the Royal Jelly but does no damage.
The silver sears the Royal Jelly!
Flame seeps out of the Royal Jelly.
The Royal Jelly is severely wounded.
The silver javelin pierces through the rockslime.
The silver sears the rockslime!
The rockslime is lightly wounded.
The quicksilver ooze completely misses you.
The quicksilver ooze hits you.
* * * LOW HITPOINT WARNING * * *
You feel your power leaking away.
The acid blob is engulfed in blazing flames.
The acid blob explodes!
The fiery explosion engulfs the azure jelly!!!
The azure jelly is burned terribly!
The azure jelly is severely wounded.
The fiery explosion engulfs the azure jelly!!!
The azure jelly is burned terribly!
The azure jelly is heavily wounded.
The fiery explosion engulfs the acid blob!!
Flame seeps out of the acid blob.
The acid blob is severely wounded.
The fiery explosion engulfs you. You resist.
* * * LOW HITPOINT WARNING * * *
The fiery explosion engulfs the quicksilver ooze!!!
The quicksilver ooze is almost dead.
The fiery explosion engulfs the acid blob!!
The acid blob explodes!
The fiery explosion engulfs the acid blob!!
Flame seeps out of the acid blob.
The acid blob is almost dead.
The fiery explosion engulfs the azure jelly!!!
The azure jelly is burned terribly!
You kill the azure jelly!
That felt strangely unrewarding.
The fiery explosion engulfs you but does no damage.
The Royal Jelly is engulfed in blazing flames.
Flame seeps out of the Royal Jelly.
The azure jelly is engulfed in blazing flames.
The acid blob is engulfed in blazing flames.
That felt strangely unrewarding.
The acid blob explodes!
The fiery explosion engulfs the rockslime.
The rockslime completely resists.
The fiery explosion engulfs the Royal Jelly!!
Flame seeps out of the Royal Jelly.
The Royal Jelly is almost dead.
The fiery explosion engulfs the azure jelly!!!
The azure jelly is burned terribly!
The azure jelly is almost dead.
The fiery explosion engulfs the azure jelly!!!
The azure jelly is burned terribly!
You kill the azure jelly!
That felt strangely unrewarding.
The fiery explosion engulfs the quicksilver ooze!!!
You kill the quicksilver ooze!
That felt strangely unrewarding.
The Royal Jelly shudders violently.
The Royal Jelly spits out three more jellies.
The azure jelly is engulfed in blazing flames.
You kill the azure jelly!
That felt strangely unrewarding.
As you read the scroll of teleportation, it crumbles to dust.
You feel strangely unstable.
You are engulfed in blazing flames.
You resist.
* * * LOW HITPOINT WARNING * * *
The Royal Jelly is engulfed in blazing flames.
Flame seeps out of the Royal Jelly.
The Royal Jelly shudders.
The Royal Jelly spits out another jelly.
The quicksilver ooze is engulfed in blazing flames.
You block the quicksilver ooze's attack. x2
The rockslime hits you!
* * * LOW HITPOINT WARNING * * *
You are shoved backwards!
The azure jelly is engulfed in blazing flames. x2
The quicksilver ooze is engulfed in blazing flames.
Press: ? - help, v - describe, . - travel
Here: a rockslime (flame, haloed)
The floor.
Unknown command.
Press: ? - help, v - describe, . - travel
Here: a quicksilver ooze (moderately wounded, haloed)
The floor.
Unknown command.
Okay, then.
Press: ? - help, v - describe, . - travel
Here: a rockslime (flame, haloed)
The floor.
Unknown command.
Unknown command.
Unknown command.
Okay, then.
Read: 2 scrolls of fear
Press: ? - help, Dir - look around, f - activate Look: a quicksilver ooze (moderately wounded, haloed, infinite will)
Okay, then.
Unknown command.
Press: ? - help, v - describe, . - travel
Here: a quicksilver ooze (moderately wounded, haloed)
The floor.
Aiming: Iceblast
Press: ? - help, Shift-Dir - straight line, f - rockslime, p - Royal Jelly
Aim: a rockslime (flame, lightly wounded, haloed)
The mass of ice explodes!
The iceblast engulfs the rockslime.
The rockslime is lightly wounded.
The iceblast engulfs the Royal Jelly!
Flame seeps out of the Royal Jelly.
The Royal Jelly is almost dead.
The iceblast engulfs the quicksilver ooze.
The quicksilver ooze is lightly wounded.
The iceblast engulfs the rockslime!
The rockslime is lightly wounded.
The iceblast engulfs the azure jelly!
The azure jelly partially resists.
The azure jelly is heavily wounded.
The iceblast engulfs the acid blob!!
The acid blob is moderately wounded.
The iceblast engulfs the rockslime!
The rockslime is moderately wounded.
The Royal Jelly shudders.
The Royal Jelly spits out another jelly.
The quicksilver ooze is engulfed in blazing flames.
The Royal Jelly is engulfed in blazing flames.
Flame seeps out of the Royal Jelly.
The Royal Jelly shudders.
The Royal Jelly spits out another jelly.
The quicksilver ooze hits you. The quicksilver ooze engulfs you!
The quicksilver ooze hits you but does no damage.
You block the rockslime's attack.
The rockslime is engulfed in blazing flames.
The rockslime jiggles.
The azure jelly is engulfed in blazing flames.
Unknown command.
Unknown command.
Aiming: Iceblast
Press: ? - help, Shift-Dir - straight line, p - rockslime The mass of ice explodes!
The iceblast engulfs the rockslime.
The rockslime is moderately wounded.
The iceblast engulfs the Royal Jelly!!
The stone walls suddenly crumble and collapse.
With an infernal noise, the power ruling this place vanishes!
The iceblast engulfs the rockslime.
The rockslime is moderately wounded.
The iceblast engulfs the rockslime!!
The rockslime is moderately wounded.
The iceblast engulfs the azure jelly!
The azure jelly partially resists.
The azure jelly is severely wounded.
The iceblast engulfs the rockslime!
The rockslime is moderately wounded.
The iceblast engulfs the rockslime!!
The rockslime is heavily wounded.
The Royal Jelly explodes!
The fiery explosion engulfs the azure jelly!!!
The azure jelly is burned terribly!
The azure jelly is heavily wounded.
The fiery explosion engulfs the acid blob!!
The acid blob is heavily wounded.
The fiery explosion engulfs the azure jelly!!!
The azure jelly is burned terribly!
You kill the azure jelly!
That felt strangely unrewarding.
The fiery explosion engulfs the acid blob!!
The acid blob is moderately wounded.
The fiery explosion engulfs the rockslime!
The rockslime resists.
The rockslime is heavily wounded.
One of the Royal Jelly's fragments survives.
Your surroundings suddenly seem different.
The ooze engulfing you falls away.
An azure jelly and a shining eye come into view.
The azure jelly quivers.
The quicksilver ooze moves out of view.
Unknown command.
You stride towards the shining eye!
The Shining One will bless your weapon with holy wrath... once. 4 slime creatures come into view.
You slice the shining eye!!
Lightning courses through the shining eye!
The shining eye is severely wounded.
The slime creature quivers. x4
Cleave: a) +5 broad axe (elec)
Press: ? - help, Dir - move target, f - shining eye
Aim: a shining eye (severely wounded, haloed, about 3% to evade your +5 broad axe of electrocution)
You hit the shining eye.
The shining eye is severely wounded.
An azure jelly comes into view.
The shining eye gazes at you.
Strange energies course through your body.
Cleave: a) +5 broad axe (elec)
Press: ? - help, Dir - move target, f/p - shining eye
Aim: a shining eye (severely wounded, haloed, about 3% to evade your +5 broad axe of electrocution)
You hit the shining eye.
The shining eye is severely wounded.
A shining eye comes into view.
Cleave: a) +5 broad axe (elec)
Press: ? - help, Dir - move target, f/p - shining eye
Aim: a shining eye (severely wounded, haloed, about 3% to evade your +5 broad axe of electrocution)
You slice the shining eye!!
You kill the shining eye!
You slash the slime creature! x2
Lightning courses through the slime creature!
Two slime creatures merge to form a large slime creature.
You block the slime creature's attack.
You are momentarily dazzled by a brilliant light.
The Shining One is no longer ready to bless your weapon.
You block the slime creature's attack.
A large slime creature splits.
Cleave: a) +5 broad axe (elec)
Press: ? - help, Dir - move target, f - slime creature
Aim: a slime creature (lightly wounded, haloed, about 3% to evade your +5 broad axe of electrocution)
Okay, then.
Throw: 12 boomerangs
Press: ? - help, Q - select action, (/) - cycle Shift-Dir - straight line, f - shining eye
Aim: a shining eye (haloed, 97% to hit)
You throw a boomerang. The boomerang hits the shining eye!
The shining eye is moderately wounded.
Throw: 12 boomerangs
Press: ? - help, Q - select action, (/) - cycle Shift-Dir - straight line, f/p - shining eye
Aim: a shining eye (moderately wounded, haloed, 97% to hit)
You throw a boomerang. The boomerang hits the shining eye!!
The shining eye is severely wounded.
The slime creature hits you but does no damage.
You block the slime creature's attack. x3
Your daeva calls down the wrath of the Shining One upon the slime creature.
The slime creature is smitten.
The shining eye gazes at you.
Strange energies course through your body.
Throw: 12 boomerangs
Press: ? - help, Q - select action, (/) - cycle Shift-Dir - straight line, f/p - shining eye
Aim: a shining eye (severely wounded, haloed, 97% to hit)
You throw a boomerang. The boomerang hits the shining eye.
The shining eye is almost dead.
You block the slime creature's attack.
Your daeva hits the slime creature with a +3 scimitar of holy wrath!!
Your daeva hits the slime creature with a +3 scimitar of holy wrath.
You block the slime creature's attack. x2
The shining eye gazes at you.
Strange energies course through your body.
You feel vulnerable to cold.
Throw: 12 boomerangs
Press: ? - help, Q - select action, (/) - cycle Shift-Dir - straight line, f/p - shining eye
Aim: a shining eye (almost dead, haloed, 97% to hit)
You throw a boomerang. The boomerang hits the shining eye.
The shining eye is almost dead.
The slime creature hits your daeva!
The slime creature hits you but does no damage.
Two slime creatures merge to form a large slime creature.
The slime creature barely misses you.
Your daeva hits the slime creature with a +3 scimitar of holy wrath! x2
Throw: 12 boomerangs
Press: ? - help, Q - select action, (/) - cycle Shift-Dir - straight line, f/p - shining eye
Aim: a shining eye (almost dead, haloed, 97% to hit)
You throw a boomerang. The boomerang hits the shining eye!
You kill the shining eye!
The azure jelly hits you but does no damage. x2
The azure jelly closely misses you. The azure jelly hits you.
* * * LOW HITPOINT WARNING * * *
Cleave: a) +5 broad axe (elec)
Press: ? - help, Dir - move target, f - large slime creature
Aim: a large slime creature (moderately wounded, haloed, about 3% to evade your +5 broad axe of electrocution)
You hit the large slime creature but do no damage.
The large slime creature is moderately wounded.
You hit the azure jelly. You slash the slime creature!
Lightning courses through the slime creature!
You slash the slime creature!
You kill the slime creature!
The azure jelly hits your daeva! The azure jelly freezes your daeva!
The azure jelly hits your daeva. The azure jelly freezes your daeva!!
The azure jelly closely misses your daeva.
The azure jelly hits your daeva.
The azure jelly jiggles.
The azure jelly barely misses you. You block the azure jelly's attack.
The azure jelly closely misses you. You block the azure jelly's attack.
You block the slime creature's attack.
Your daeva barely misses the azure jelly.
Your daeva hits the azure jelly with a +3 scimitar of holy wrath!
Cleave: a) +5 broad axe (elec)
Press: ? - help, Dir - move target, f - azure jelly, p - large slime creature
Aim: an azure jelly (lightly wounded, haloed, about 15% to evade your +5 broad axe of electrocution)
You slash the azure jelly!
Lightning courses through the azure jelly!
The azure jelly is moderately wounded.
You slice the large slime creature!! You slice the slime creature!!
The azure jelly barely misses your daeva.
Your daeva blocks the azure jelly's attack.
The azure jelly hits your daeva but does no damage.
The azure jelly barely misses your daeva.
The azure jelly barely misses you.
The azure jelly hits you but does no damage.
The azure jelly barely misses you. x2
Your daeva hits the azure jelly with a +3 scimitar of holy wrath!
Your daeva closely misses the azure jelly.
The large slime creature hits you!
* * * LOW HITPOINT WARNING * * *
The slime creature barely misses you.
Unknown command.
You swap places.
The azure jelly closely misses you. You block the azure jelly's attack. x3
The azure jelly barely misses your daeva.
Your daeva blocks the azure jelly's attack. x2
The azure jelly hits your daeva.
The slime creature hits your daeva but does no damage.
The large slime creature hits your daeva!!
Your daeva hits the azure jelly with a +3 scimitar of holy wrath!!
Your daeva hits the azure jelly with a +3 scimitar of holy wrath.
Cleave: a) +5 broad axe (elec)
Press: ? - help, Dir - move target, f - azure jelly, p - azure jelly
Aim: an azure jelly (moderately wounded, haloed, about 15% to evade your +5 broad axe of electrocution)
You barely miss the azure jelly.
The azure jelly is moderately wounded.
You block the azure jelly's attack. The azure jelly misses you.
The azure jelly closely misses you.
The azure jelly hits you but does no damage.
The azure jelly hits your daeva. The azure jelly freezes your daeva!!!
Your daeva dies!
Your daeva dissolves into sparkling lights!
Cleave: a) +5 broad axe (elec)
Press: ? - help, Dir - move target, f - large slime creature, p - azure jelly
Aim: a large slime creature (heavily wounded, haloed, about 3% to evade your +5 broad axe of electrocution)
You hit the large slime creature.
The large slime creature is heavily wounded.
You slice the azure jelly!! You slash the slime creature!
Lightning courses through the slime creature!
You kill the slime creature!
The azure jelly closely misses you. You block the azure jelly's attack.
The azure jelly hits you but does no damage. x2
Cleave: a) +5 broad axe (elec)
Press: ? - help, Dir - move target, f - azure jelly, p - large slime creature
Aim: an azure jelly (heavily wounded, haloed, about 15% to evade your +5 broad axe of electrocution)
Okay, then.
Unknown command.
Your shield is strengthened by the Shining One's divine power.
You block the azure jelly's attack. x3; The azure jelly closely misses you.
The azure jelly hits you but does no damage. x3
The azure jelly misses you.
Press: ? - help, v - describe, . - travel
Here: an azure jelly (heavily wounded, haloed)
The floor.
Unknown command.
Unknown command.
Cleave: a) +5 broad axe (elec)
Press: ? - help, Dir - move target, f/p - large slime creature
Aim: a large slime creature (heavily wounded, haloed, about 3% to evade your +5 broad axe of electrocution)
You completely miss the large slime creature.
The large slime creature is heavily wounded.
You barely miss the azure jelly. You completely miss the azure jelly.
The azure jelly hits you.
* * * LOW HITPOINT WARNING * * *
The azure jelly freezes you!
* * * LOW HITPOINT WARNING * * *
The azure jelly hits you.
* * * LOW HITPOINT WARNING * * *
The azure jelly freezes you!!!
You die...

#..............
#..............
#..............
...............
...............
...............
..............#
......JJ......#
.......@....###
.......J....#
..........###
..........#
..........#
.........##
.........#
.........#
..........


You could see 2 azure jellies and a large slime creature.

Vanquished Creatures
  the Royal Jelly (Slime:5)
  Rupert (Orc:2)
  A deep elf master archer (Elf:3)
  4 acid blobs (Slime:5)
  Polyphemus (Shoals:3)
  Aizul (Snake:2)
  8 azure jellies
  5 nagarajas (Snake:4)
  A rockslime (Slime:1)
  2 frost giants (IceCv)
  2 deep elf sorcerers (Elf:3)
  3 quicksilver oozes
  A very ugly thing (Shoals:1)
  A deep elf demonologist (Elf:3)
  A white draconian (IceCv)
  2 deep elf annihilators (Elf:3)
  A deep elf death mage (Elf:3)
  Josephine (Orc:2)
  4 merfolk impalers
  4 merfolk javelineers (Shoals:4)
  The ghost of Uwkeq the Cleaver, a journeyman MiFi (D:12)
  A hydra (Lair:3)
  4 ironbound frosthearts (IceCv)
  4 boulder beetles
  A centaur warrior (Shoals:2)
  2 demonspawn (Orc:2)
  A satyr (Shoals:4)
  9 anacondas
  10 dancing weapons
  2 merfolk aquamancers (Shoals:4)
  9 death yaks
  2 two-headed ogres
  6 catoblepae
  12 naga warriors
  7 orc high priests
  6 naga sharpshooters
  4 shock serpents
  A soul eater (Orc:2)
  8 deep elf knights
  2 skysharks
  3 mana vipers
  12 sea snakes
  6 deep elf archers
  6 naga ritualists
  The ghost of Punchie the Cleaver, a novice MiFi of Gozag (D:7)
  8 deep elf pyromancers
  4 harpies
  5 orc knights (Orc:2)
  5 manticores
  19 ugly things
  13 fauns
  4 shining eyes
  A cyclops (Shoals:2)
  21 deep elf zephyrmancers
  7 orc sorcerers (Orc:2)
  4 elephants (Lair:4)
  5 salamanders
  17 black mambas
  A water nymph (Shoals:1)
  5 kobold blastminers
  5 guardian serpents
  7 merfolk sirens
  12 naga magi
  5 cane toads
  A gargoyle (D:12)
  An orange demon (Orc:2)
  A torpor snail (Lair:5)
  2 unseen horrors (D:12)
  3 kobold demonologists (D:12)
  17 rime drakes
  8 komodo dragons
  10 polar bears (IceCv)
  An ice devil (Orc:2)
  5 trolls
  Prince Ribbit (D:6)
  5 wind drakes
  14 blink frogs
  7 merfolk
  3 dream sheep (Shoals:2)
  5 snapping turtles
  23 slime creatures
  47 yaks
  9 water elementals
  4 air elementals (Shoals:4)
  2 shadows
  13 wyverns
  2 vampires
  3 fire elementals
  7 wraiths
  4 basilisks
  A golden eye (Slime:5)
  A steam dragon (D:7)
  3 wargs (Orc:1)
  4 vampire mosquitoes (D:7)
  A neqoxec (Orc:2)
  25 nagas
  2 acid dragons
  9 water moccasins
  A sky beast (D:7)
  2 black bears
  28 orc warriors
  An ice beast (D:6)
  6 ogres
  5 centaurs
  11 kobold brigands
  13 bullfrogs
  A gnoll sergeant (D:9)
  5 scorpions
  4 wights
  3 earth elementals
  14 killer bees
  7 howler monkeys
  4 electric eels
  3 lava snakes (Lair:3)
  8 jellies
  2 gnoll boudas
  2 hounds
  33 orc priests
  Jessica (D:3)
  Ijyb (D:3)
  Terence (D:3)
  23 orc wizards
  20 gnolls
  8 adders
  4 white imps
  2 ufetubi (D:6)
  3 dart slugs
  2 ribbon worms
  72 orcs
  3 bats
  10 endoplasms
  4 goblins
  6 hobgoblins
  4 jackals (D:5)
  4 quokkas
  4 ball pythons
  3 frilled lizards (D:1)
  14 kobolds
  A rat (D:1)
900 creatures vanquished.

Vanquished Creatures (collateral kills)
  Jorgrun (Elf:1)
  2 deep elf blademasters (Elf:3)
  A deep elf master archer (Elf:3)
  A storm dragon (Shoals:4)
  An azure jelly (Slime:4)
  8 deep elf sorcerers
  6 deep elf elementalists (Elf:3)
  A quicksilver ooze (Slime:5)
  3 formless jellyfish (Slime:5)
  3 deep elf death magi (Elf:3)
  4 deep elf demonologists (Elf:3)
  5 deep elf annihilators (Elf:3)
  2 deep elf high priests (Elf:3)
  4 merfolk aquamancers (Shoals:4)
  A dancing weapon (Elf:2)
  A merfolk avatar (Shoals:4)
  3 deep elf knights (Elf:2)
  An orange crystal statue (IceCv)
  3 deep elf archers
  3 deep elf zephyrmancers (Elf:2)
  A deep elf pyromancer (Elf:2)
  A manticore (Shoals:4)
  6 slime creatures
  A merfolk siren (Shoals:4)
  3 rime drakes (IceCv)
  3 polar bears (IceCv)
  A snapping turtle (Shoals:4)
  2 air elementals
  A water elemental (Elf:2)
  An earth elemental (Elf:3)
74 creatures vanquished.

Vanquished Creatures (others)
  A deep elf sorcerer (Elf:3)
  A merfolk aquamancer (Shoals:4)
  A deep elf zephyrmancer (Elf:3)
  A guardian serpent (Snake:1)
  A naga (Snake:1)
5 creatures vanquished.

Grand Total: 979 creatures vanquished

Notes
Turn   | Place    | Note
-------+----------+-------------------------------------------
     0 | D:1      | jagoly the Gargoyle Monk began the quest for the Orb.
     0 | D:1      | Reached XP level 1. HP: 14/14 MP: 1/1
    91 | D:1      | Reached skill level 3 in Axes
    94 | D:1      | Reached skill level 1 in Stealth
    94 | D:1      | Reached XP level 2. HP: 18/19 MP: 2/2
   232 | D:2      | Reached XP level 3. HP: 15/23 MP: 3/3
   404 | D:2      | Found Babosea's Antique Weapon Shop.
   529 | D:3      | Noticed Ijyb
   530 | D:3      | Paralysed by Ijyb for 4 turns
   544 | D:3      | Paralysed by Ijyb for 4 turns
   548 | D:3      | Killed Ijyb
   549 | D:3      | Reached skill level 1 in Armour
   549 | D:3      | Reached XP level 4. HP: 25/28 MP: 4/4
   706 | D:3      | Found a faded altar of an unknown god.
   709 | D:3      | Found an iron altar of Okawaru.
   720 | D:3      | Noticed Terence
   735 | D:3      | Killed Terence
   736 | D:3      | Reached skill level 4 in Axes
   746 | D:3      | Noticed Jessica
   759 | D:3      | Killed Jessica
   760 | D:3      | Reached XP level 5. HP: 27/33 MP: 5/5
   841 | D:4      | Identified the +4 quarterstaff "Spiderslayer" {drain,
                  | rElec}
   902 | D:5      | Entered Level 5 of the Dungeon
   990 | D:4      | Reached XP level 6. HP: 31/38 MP: 6/6
  1244 | D:5      | Reached skill level 1 in Throwing
  1264 | D:5      | Found a runed translucent gate.
  1265 | D:5      | Found a runed translucent gate.
  1265 | D:5      | Noticed an acid dragon
  1266 | D:5      | Found a runed translucent gate.
  1267 | D:5      | Noticed Zagger's ghost (novice DsFE)
  1282 | D:6      | Reached skill level 5 in Fighting
  1371 | D:5      | Reached XP level 7. HP: 44/44 MP: 7/7
  1820 | D:6      | Found a staircase to the Ecumenical Temple.
  1820 | D:6      | Noticed Prince Ribbit
  1827 | Temple   | Entered the Ecumenical Temple
  1838 | Temple   | Reached XP level 8. HP: 35/52 MP: 8/8
  1877 | D:6      | Killed Prince Ribbit
  2162 | D:6      | Found Noompud's Antique Weapon Shop.
  2273 | D:7      | Reached XP level 9. HP: 42/60 MP: 9/9
  2286 | D:7      | HP: 1/61 [killer bee (5)]
  2331 | D:7      | Reached skill level 10 in Fighting
  2484 | D:7      | Reached skill level 5 in Axes
  2515 | D:7      | Noticed a boulder beetle
  2529 | D:7      | Found a transporter.
  2530 | D:7      | Noticed Punchie's ghost (novice MiFi)
  2754 | D:7      | Found a transporter.
  2803 | D:8      | Noticed a two-headed ogre
  2838 | D:8      | Found Paowk's Jewellery Emporium.
  2858 | D:8      | Killed a two-headed ogre
  2859 | D:8      | Reached skill level 6 in Axes
  2859 | D:8      | Reached XP level 10. HP: 65/70 MP: 10/10
  2912 | D:9      | Reached skill level 7 in Axes
  3000 | D:8      | Found Xiytuset's Jewellery Emporium.
  3015 | D:8      | Found a hazy altar of Hepliaklqana.
  3190 | D:8      | Found Linkofomn's Antique Armour Emporium.
  3195 | D:8      | Bought a blackened scale mail for 189 gold pieces
  3195 | D:8      | Identified the +0 scale mail "Olal" {rN+ Str+3} (You bought
                  | it in a shop on level 8 of the Dungeon)
  3251 | D:8      | Found Vaoxubun's Antique Weapon Shop.
  3426 | D:9      | Found a glowing golden altar of the Shining One.
  3426 | D:9      | Found a shimmering altar of Xom.
  3431 | D:9      | Became a worshipper of the Shining One
  3431 | D:9      | Reached * piety under the Shining One
  3431 | D:9      | Reached ** piety under the Shining One
  3612 | D:10     | Entered Level 10 of the Dungeon
  3638 | D:9      | Reached skill level 8 in Axes
  3652 | D:9      | Found a staircase to the Lair.
  3692 | D:9      | Reached skill level 9 in Axes
  3829 | D:9      | Noticed a two-headed ogre
  3881 | D:10     | Noticed a two-headed ogre
  4172 | D:10     | HP: 2/71 [acid dragon/splash of acid (22)]
  4231 | D:11     | Reached skill level 10 in Axes
  4231 | D:11     | Reached XP level 11. HP: 33/76 MP: 11/11
  4275 | D:11     | Noticed a boulder beetle
  4296 | D:11     | Killed a boulder beetle
  4391 | D:11     | Reached *** piety under the Shining One
  4981 | D:10     | Reached skill level 1 in Evocations
  5134 | D:10     | Reached skill level 11 in Axes
  5171 | D:10     | Killed a two-headed ogre
  5172 | D:10     | Reached skill level 5 in Armour
  5311 | D:7      | Killed a boulder beetle
  5312 | D:7      | Reached skill level 1 in Invocations
  5328 | D:7      | Killed Punchie's ghost
  5367 | D:7      | Identified the amulet of Gabaits {Faith rF++ rN++ Slay-5}
  5522 | Lair:1   | Entered Level 1 of the Lair of Beasts
  5584 | Lair:1   | Reached skill level 12 in Axes
  5700 | Lair:1   | Reached XP level 12. HP: 26/81 MP: 13/13
  5822 | D:8      | Bought an amulet of regeneration for 450 gold pieces
  6043 | Lair:2   | Reached skill level 13 in Axes
  6582 | Lair:3   | Found a staircase to the Snake Pit.
  6835 | Lair:4   | Noticed a catoblepas
  6835 | Lair:4   | Noticed a catoblepas
  6979 | Lair:4   | Found the +3 pair of seven-league boots {Rampage+∞}
  6998 | Lair:4   | Reached skill level 14 in Axes
  7065 | Lair:5   | Entered Level 5 of the Lair of Beasts
  7115 | Lair:4   | Reached XP level 13. HP: 52/87 MP: 16/16
  7357 | Lair:5   | Reached **** piety under the Shining One
  7604 | Lair:5   | Reached skill level 15 in Axes
  7741 | Lair:5   | Got an earthy gem with 1777 turns to spare
  7853 | Lair:5   | Found a staircase to the Slime Pits.
  7853 | Lair:5   | Found a viscous altar of Jiyva.
  8380 | Lair:3   | Found a staircase to the Shoals.
  8390 | Lair:3   | Gained mutation: Your large and strong wings let you fly.
                  | [Gargoyle growth]
  8390 | Lair:3   | Reached XP level 14. HP: 96/96 MP: 17/17
  8461 | Snake:1  | Entered Level 1 of the Snake Pit
  8619 | Snake:1  | Found Nutis's Jewellery Shoppe.
  8621 | Snake:1  | Found Muijut's General Store.
  8621 | Snake:1  | Found Zacwaexi's Distillery.
  8668 | Snake:1  | Reached skill level 15 in Fighting
  8824 | Snake:1  | Reached ***** piety under the Shining One
  8900 | Snake:1  | Found Kidosm's Jewellery Emporium.
  8917 | Snake:1  | Bought a scroll of enchant armour for 97 gold pieces
  8917 | Snake:1  | Bought a scroll of enchant weapon for 97 gold pieces
  9046 | Snake:1  | Noticed Frances
  9121 | Snake:1  | Reached skill level 5 in Throwing
  9200 | Snake:1  | Reached skill level 16 in Axes
  9420 | Snake:2  | Identified the serpent talisman of Day {rC+ rCorr Slay+3}
  9420 | Snake:2  | Noticed Aizul
  9462 | Snake:2  | Killed Aizul
  9562 | Snake:2  | Reached skill level 1 in Shields
  9694 | Snake:2  | Noticed Nikola
  9836 | Snake:3  | Reached XP level 15. HP: 93/104 MP: 14/18
  9846 | Snake:3  | Reached skill level 5 in Shields
 10009 | Snake:4  | Entered Level 4 of the Snake Pit
 10087 | Snake:4  | Noticed a nagaraja
 10087 | Snake:4  | Noticed a nagaraja
 10113 | Snake:4  | Killed a nagaraja
 10223 | Snake:4  | Killed a nagaraja
 10390 | Snake:4  | Reached skill level 10 in Shields
 10401 | Snake:4  | Noticed a nagaraja
 10437 | Snake:4  | Killed a nagaraja
 10543 | Snake:4  | Noticed a nagaraja
 10567 | Snake:4  | Killed a nagaraja
 10635 | Snake:4  | Noticed a nagaraja
 10662 | Snake:4  | Killed a nagaraja
 10727 | Snake:4  | Got a jade gem with 301 turns to spare
 10730 | Snake:4  | Got a serpentine rune of Zot
 11093 | D:12     | Reached skill level 5 in Invocations
 11162 | D:12     | Found a runed translucent gate.
 11163 | D:12     | Found a runed translucent gate.
 11163 | D:12     | Noticed Uwkeq's ghost (journeyman MiFi)
 11165 | D:12     | Found a runed translucent gate.
 11196 | D:12     | Killed Uwkeq's ghost
 11339 | D:12     | Found a staircase to the Orcish Mines.
 11361 | Orc:1    | Entered Level 1 of the Orcish Mines
 11431 | Orc:1    | Reached XP level 16. HP: 90/110 MP: 21/21
 11457 | Orc:1    | Found Puadagah's Magic Scroll Shoppe.
 11472 | Orc:1    | Bought a scroll of blinking for 135 gold pieces
 11527 | Orc:2    | Entered Level 2 of the Orcish Mines
 11543 | Orc:2    | Noticed Josephine
 11551 | Orc:2    | Reached ****** piety under the Shining One
 11738 | Orc:2    | Killed Josephine
 11778 | Orc:2    | Found a staircase to the Elven Halls.
 11824 | Orc:2    | Noticed Rupert
 11863 | Orc:2    | Killed Rupert
 12022 | Orc:2    | Found Pomeh's General Store.
 12022 | Orc:2    | Found Udipab's Magic Scroll Emporium.
 12146 | Orc:2    | Reached skill level 10 in Invocations
 12276 | Orc:2    | Paralysed by an orc sorcerer for 3 turns
 12302 | Orc:2    | Found Noer's Book Boutique.
 12302 | Orc:2    | Found Emilos's Antique Armour Shop.
 12302 | Orc:2    | Found a one-way gate leading to the halls of Pandemonium.
 12308 | Orc:2    | Bought a manual of Throwing for 960 gold pieces
 12528 | Orc:2    | Bought a scroll of fear for 60 gold pieces
 12528 | Orc:2    | Bought a scroll of brand weapon for 142 gold pieces
 12572 | Elf:1    | Entered Level 1 of the Elven Halls
 12635 | Elf:1    | You are sucked into a shaft and drop 1 floor!
 12697 | Elf:2    | The Shining One protects you from harm!
 12923 | Elf:2    | Reached XP level 17. HP: 49/115 MP: 3/26
 12942 | Elf:3    | Entered Level 3 of the Elven Halls
 13042 | Elf:3    | Reached skill level 17 in Axes
 13548 | Elf:3    | Reached skill level 10 in Throwing
 13571 | Elf:3    | Noticed a deep elf master archer
 13595 | Elf:3    | Killed a deep elf master archer
 13622 | Elf:3    | Noticed a deep elf master archer
 13625 | Elf:3    | Killed a deep elf master archer
 13626 | Elf:3    | Noticed a deep elf blademaster
 13631 | Elf:3    | Killed a deep elf blademaster
 13649 | Elf:3    | Reached skill level 18 in Axes
 13749 | Elf:3    | Noticed a deep elf blademaster
 13754 | Elf:3    | Killed a deep elf blademaster
 13833 | Elf:3    | Identified the +0 robe of the Wereyak {rElec rPois}
 13870 | Elf:3    | Identified the +2 leather armour "Koget" {-Cast +Inv rF+++
                  | Int-2}
 13897 | Elf:3    | Found the +5 scythe "Finisher" {speed, execute}
 13899 | Elf:3    | Got Ituusm's Anthology of Spectral Chemistry
 13926 | Elf:3    | Identified the staff of Valiance {rN+ Str+3 Dex+3 Stlth+
                  | Necro}
 13938 | Elf:3    | Got the Catalogue of Striking and Execration
 13948 | Elf:3    | Identified the ring of Imido {rElec Will+ Dex+2}
 13955 | Elf:3    | Reached XP level 18. HP: 120/120 MP: 27/27
 13980 | Elf:3    | Identified the +2 trident of Valiance {freeze, *Noise Str+5
                  | Stlth+}
 13981 | Elf:3    | Identified the orb of Divine Intervention {light, Dex+2}
 13997 | Elf:3    | Got a shimmering gem with 421 turns to spare
 14079 | Elf:2    | Reached skill level 5 in Dodging
 14103 | Elf:1    | Noticed Jorgrun
 14107 | Elf:1    | Killed Jorgrun
 14195 | Orc:2    | Bought a scroll of teleportation for 45 gold pieces
 14195 | Orc:2    | Bought a scroll of teleportation for 45 gold pieces
 14197 | Orc:2    | Bought a scroll of revelation for 90 gold pieces
 14230 | Orc:2    | Bought a pair of glowing gloves for 225 gold pieces
 14294 | Orc:1    | Bought a scroll of revelation for 135 gold pieces
 14294 | Orc:1    | Bought a scroll of teleportation for 54 gold pieces
 14294 | Orc:1    | Bought a scroll of enchant weapon for 135 gold pieces
 14294 | Orc:1    | Bought a scroll of teleportation for 54 gold pieces
 14476 | Shoals:1 | Entered Level 1 of the Shoals
 14646 | Shoals:1 | Found a glacial archway.
 14690 | IceCv    | Entered an ice cave
 14787 | IceCv    | Reached skill level 10 in Armour
 15110 | IceCv    | Got Sif Muna's Octavo of Enchanting Frost
 15113 | IceCv    | Identified the +0 pair of boots "Fadystricar" {+Inv Regen+
                  | Dex-4}
 15153 | Shoals:1 | Found Otaaf's Assorted Antiques.
 15190 | Shoals:1 | Found Epsaycah's Firing Range.
 15223 | Shoals:1 | Bought 2 throwing nets for 90 gold pieces
 15470 | Shoals:2 | Found Ceitwec's Mass Market.
 15507 | Shoals:3 | Noticed Polyphemus
 15526 | Shoals:3 | Killed Polyphemus
 15547 | Shoals:4 | Entered Level 4 of the Shoals
 15582 | Shoals:4 | Paralysed by an air elemental for 1 turns
 15608 | Shoals:4 | Paralysed by an air elemental for 1 turns
 15657 | Shoals:4 | Paralysed by an air elemental for 1 turns
 15675 | Shoals:4 | Reached skill level 5 in Evocations
 15677 | Shoals:4 | Reached XP level 19. HP: 43/125 MP: 6/28
 15727 | Shoals:4 | Paralysed by an air elemental for 1 turns
 15752 | Shoals:4 | Got the Atlas of the Polar Wyrd
 15754 | Shoals:4 | Got a barnacled rune of Zot
 15758 | Shoals:4 | Got an azure gem with 1047 turns to spare
 15980 | Slime:1  | Entered Level 1 of the Pits of Slime
 16023 | Slime:2  | Gained mutation: Your spells are a little easier to cast,
                  | but a little less powerful. [a shining eye]
 16023 | Slime:2  | Gained mutation: You are vulnerable to cold. (rC-) [a
                  | shining eye]
 16024 | Slime:2  | Gained mutation: You are frail. (-10% HP) [a shining eye]
 16030 | Slime:3  | Gained mutation: You occasionally shout uncontrollably at
                  | your foes. [a shining eye]
 16059 | Slime:4  | Gained mutation: Your magical capacity is low. (-10% MP) [a
                  | shining eye]
 16064 | Slime:4  | Gained mutation: Your mind is acute. (Int +4, Str/Dex -1)
                  | [a shining eye]
 16073 | Slime:5  | Entered Level 5 of the Pits of Slime
 16082 | Slime:5  | Gained mutation: Armour fits poorly on your strangely
                  | shaped body. [a shining eye]
 16094 | Slime:5  | Reached skill level 15 in Throwing
 16151 | Slime:5  | Noticed the Royal Jelly
 16162 | Slime:5  | Killed the Royal Jelly
 16170 | Slime:5  | Gained mutation: You are very vulnerable to cold. (rC--) [a
                  | shining eye]
 16179 | Slime:5  | Annihilated by an azure jelly

Illustrated notes

Levels and vault maps discovered:
D:1:      amcnicky_arrival_gap_in_the_tavern_cellar, layout_basic,
          minmay_misc_feat_room, minmay_statues_item
D:2:      layout_loops_ring, serial_shops, nicolae_shop_crystal
D:3:      layout_basic, nicolae_overflow_ecumenical_swirl, uniq_ijyb,
          uniq_terence, uniq_jessica
D:4:      layout_basic
D:5:      layout_gridville, gammafunk_ghost_split, minmay_misc_feat_roman
D:6:      layout_rooms, minmay_temple_entry_drinking_statues, serial_shops,
          nicolae_diamond_shop, uniq_prince_ribbit1
D:7:      layout_loops_ring, nzn_ghost_randoct, kennysheep_generic_room_13
D:8:      layout_gridville, nicolae_overflow_crystal_walls, serial_shops,
          nicolae_shop_hallway_plus, shop, shop, shop
D:9:      layout_stronghold, jmf_multi_god_temple, minmay_lair_entry_grove
D:10:     layout_rooms, hex_tiny, minmay_between
D:11:     layout_roguey, serial_bayou_pond_e
D:12:     layout_cave_pools, orc_0_dummy, gammafunk_ghost_nasty_kobolds
Temple:   compressed_dpeg_circular_temple
Lair:1:   layout_loops_ring, chequers_serial_rivers_small_3
Lair:2:   layout_hall_layers
Lair:3:   layout_chaotic_city, minmay_shoals_entry_lonely_mermaid,
          alex1729_snake_entry_snake, nicolae_lair_liquid_snakes
Lair:4:   nzn_motion_control, layout_regular_city, serial_bayou_shore_a
Lair:5:   evilmike_catoblepas_cave, layout_regular_city,
          nicolae_slime_entry_slimehenge
Shoals:1: layout_shoals, serial_shops, nicolae_diamond_shop,
          portal_ice_cave_entry_ugly_swarm, nicolae_shop_firing_range
Shoals:2: layout_shoals, minmay_shop_mass, nicolae_shoals_loop_pool
Shoals:3: layout_shoals, uniq_polyphemus, uniq_mara
Shoals:4: shoals_end_hellmonk_storm_palace [storm_palace_center_ruins,
          storm_palace_corner_blocked, storm_palace_corner_grid,
          storm_palace_corner_grid, storm_palace_corner_narrow], serial_shops
Snake:1:  layout_layer_cave, minmay_snake_pond, grunt_megastairs_5,
          serial_bayou_shore_b, minmay_shoptagon, uniq_frances
Snake:2:  layout_layer_cave, uniq_donald, uniq_nikola, uniq_aizul
Snake:3:  layout_cave_town, gammafunk_ghost_split,
          nicolae_shop_overcharged_wands, nicolae_triple_integral, uniq_vashnia
Snake:4:  grunt_snake_rune_pools, layout_chambers, basic_altar,
          nrook_guardian_serpent_double
Slime:1:  layout_caves
Slime:2:  layout_caves, basic_altar
Slime:3:  layout_caves, cheibrodos_slime_lost_civilization_4
Slime:4:  layout_caves
Slime:5:  slime_pit_nicolae_inversion
Orc:1:    layout_caves, serial_shops, shop
Orc:2:    pf_orc_diabolical, layout_caves, uniq_rupert, uniq_josephine
Elf:1:    nicolae_elf_arrival_no_cutting_in_line, layout_onion_city,
          serial_shops, shop, shop_fountains, nicolae_elf_blasts_and_bolts,
          grunt_ministairs_5, uniq_jorgrun
Elf:2:    elven_hall_of_blades_hangedman_original
          [nicolae_blade_entry_sentries_behind_glass], layout_onion_city,
          uniq_azrael
Elf:3:    minmay_elf_hall_spiked, layout_geoelf_diagonals, st_stairs_4

Skill      XL: |  1  2  3  4  5  6  7  8  9 10 11 12 13 14 15 16 17 18 19 |
---------------+----------------------------------------------------------+-----
Axes           | 3 4 6 10 12 14 15 16 18 | 18.0
Stealth        | 1 2 4 |  4.0
Armour         | 1 2 3 4 6 7 8 12 | 12.3
Fighting       | 4 5 6 9 11 12 14 16 | 16.2
Throwing       | 1 2 6 8 12 14 15 | 15.8
Dodging        | 3 4 6 |  6.4
Evocations     | 2 4 5 |  5.4
Invocations    | 2 4 7 12 | 12.0
Shields        | 4 12 | 12.3

Action                     |  1- 3 |  4- 6 |  7- 9 | 10-12 | 13-15 | 16-18 | 19-21 || total
---------------------------+-------+-------+-------+-------+-------+-------+-------++-------
  Melee: Hand axe          |    85 |    37 |       |       |       |       |       ||   122
         Quarterstaff      |       |    61 |   184 |    35 |       |       |       ||   280
         Dagger            |       |       |    29 |       |       |       |       ||    29
         Flail             |       |       |    38 |     9 |     8 |       |       ||    55
         War axe           |       |       |       |   566 |  1218 |   395 |       ||  2179
         Punch             |       |       |       |     9 |    13 |       |       ||    22
         Broad axe         |       |       |       |       |       |   645 |   126 ||   771
  Throw: Dart              |     3 |    12 |    14 |    44 |    17 |    23 |       ||   113
         Stone             |       |       |    10 |    27 |    32 |       |       ||    69
         Javelin           |       |       |     2 |       |     7 |     4 |     6 ||    19
         Throwing net      |       |       |     1 |       |       |       |       ||     1
         Boomerang         |       |       |       |     4 |    78 |   143 |    61 ||   286
 Invoke: Divine Shield     |       |       |       |     1 |     7 |     7 |     1 ||    16
         Cleansing Flame   |       |       |       |       |       |    13 |       ||    13
         Summon Divine War |       |       |       |       |       |    11 |     4 ||    15
  Evoke: Wand              |       |       |       |     3 |     7 |     1 |     2 ||    13
    Use: Scroll            |       |     5 |     3 |     6 |    10 |    13 |     4 ||    41
         Potion            |       |       |     1 |     5 |       |     3 |     2 ||    11
   Stab: Sleeping          |       |     1 |     1 |     1 |       |       |       ||     3
         Distracted        |       |       |       |     1 |       |       |       ||     1
 Armour: Robe              |    33 |       |       |       |       |       |       ||    33
         Ring mail         |    12 |     6 |       |       |       |       |       ||    18
         Leather armour    |       |    54 |   245 |   206 |       |   341 |       ||   846
         Acid dragon scale |       |       |       |   279 |   784 |    19 |   132 ||  1214
         Skin              |       |       |       |       |       |     2 |       ||     2
         Scale mail        |       |       |       |       |       |   178 |    23 ||   201
         Plate armour      |       |       |       |       |       |   143 |       ||   143
  Dodge: Dodged            |    49 |    63 |   229 |   318 |   354 |   243 |    68 ||  1324
  Block: Other             |       |       |       |     7 |    19 |       |       ||    26
         Kite shield       |       |       |       |       |   266 |   583 |   118 ||   967
